AoeStats
← christar123 ten

MegaRandom

507763235Analyzed
4v4 RM · 13d ago on Sep 19, 2026· 50m 28s· 8 players
Game mode
Random Map
Map size
Large (8 player)
Population
200
Speed
Normal
Resources
Standard
Victory
Conquest
Starting age
Dark Age
Ending age
Imperial Age
RankedLock teamsTeams togetherTeam positionsShared explorationLock speedFull tech treeHidden civsTurbo modeCheats
Victory
Defeat
🇪🇸 Romans · Spain
1901
+4
🇺🇸 Jurchens · United States
1790
+7
🇨🇳 Persians · China
1761
+7
🇨🇭 Bengalis · Switzerland
1567
+14
🇬🇧 Vietnamese · United Kingdom
1596
-9
🇬🇧 Mongols · United Kingdom
1583
-9
🇫🇷 Turks · France
1554
-8
🇬🇧 Italians · United Kingdom
1483
-6
Tschab
0:31 Loom
9:46 Feudal Age
13:12 Double-Bit Axe
14:53 Horse Collar
15:18 Fletching
15:28 Padded Archer Armor
20:37 Wheelbarrow
24:14 Castle Age
24:16 Crossbowman
24:51 Bodkin Arrow
28:57 Leather Archer Armor
30:46 Ballistics
38:57 Bow Saw
48:04 Imperial Age
49:21 Arbalester
Moneimon
0:30 Loom
8:57 Feudal Age
10:10 Double-Bit Axe
11:06 Horse Collar
14:37 Bloodlines
15:33 Scale Barding Armor
15:47 Fishing Lines
17:46 Wheelbarrow
18:36 Forging
22:13 Castle Age
20:28 Gold Mining
21:05 Stone Mining
23:17 Chain Barding Armor
23:12 Bow Saw
23:06 Heavy Plow
25:10 Husbandry
28:48 Gold Shaft Mining
29:51 Gillnets
30:47 Medium Warships
32:34 Iron Casting
37:03 Imperial Age
36:28 Hand Cart
37:19 Fletching
38:33 Plate Barding Armor
37:49 Elite Centurion
39:33 Town Watch
40:11 Conscription
40:18 Bodkin Arrow
41:24 Blast Furnace
40:45 Ballistics
41:55 Masonry
44:01 Comitatenses
43:13 Light Cavalry
44:47 Caravan
48:15 Architecture
48:46 Chemistry
48:48 Crop Rotation
48:30 Guilds
FYI Inc
0:31 Loom
8:40 Feudal Age
9:37 Double-Bit Axe
13:20 Wheelbarrow
12:55 Horse Collar
15:51 Town Watch
22:04 Castle Age
20:26 Forging
22:03 Scale Barding Armor
22:09 Bloodlines
22:49 Husbandry
23:31 Chain Barding Armor
25:26 Gold Mining
27:13 Bow Saw
27:10 Fletching
32:09 Hand Cart
33:05 Iron Casting
32:59 Stone Mining
38:41 Imperial Age
36:25 Heavy Plow
39:40 Gold Shaft Mining
39:58 Plate Barding Armor
38:53 Elite Steppe Lancer
39:20 Fishing Lines
41:14 Blast Furnace
40:35 Conscription
43:58 Two-Man Saw
45:23 Crop Rotation
46:06 Caravan
46:25 Guilds
十大地方
0:29 Loom
9:50 Feudal Age
11:03 Double-Bit Axe
13:47 Fletching
16:03 Wheelbarrow
21:43 Castle Age
21:01 Gold Mining
21:31 Crossbowman
22:14 Bodkin Arrow
26:14 Bow Saw
26:41 Ballistics
26:58 Horse Collar
28:39 Padded Archer Armor
31:20 Leather Archer Armor
32:15 Gold Shaft Mining
42:54 Imperial Age
41:39 Scale Barding Armor
41:44 Forging
42:15 Thumb Ring
42:52 Stone Mining
43:25 Bloodlines
43:16 Husbandry
43:12 Town Watch
45:08 Chemistry
44:15 Heavy Camel Rider
45:55 Chain Barding Armor
46:10 Iron Casting
45:45 Husbandry
47:14 Plate Barding Armor
47:17 Heavy Plow
47:18 Light Cavalry
49:14 Caravan
50:52 Hand Cart
51:08 Ring Archer Armor
51:14 Iron Casting
The Stoned Sheep
5:24 Loom
8:37 Feudal Age
11:01 Double-Bit Axe
12:27 Fletching
15:22 Town Watch
24:11 Castle Age
22:34 Gold Mining
24:13 Crossbowman
25:05 Bodkin Arrow
29:36 Horse Collar
30:56 Bow Saw
31:45 Ballistics
34:03 Padded Archer Armor
34:33 Heavy Plow
36:06 Wheelbarrow
44:28 Imperial Age
42:14 Squires
42:30 Leather Archer Armor
42:23 Town Watch
46:36 Chemistry
45:04 Arbalester
76nateK
0:28 Loom
9:24 Feudal Age
10:08 Double-Bit Axe
12:16 Scale Barding Armor
12:54 Forging
13:13 Horse Collar
14:43 Bloodlines
23:52 Castle Age
24:56 Chain Barding Armor
26:18 Bow Saw
26:46 Wheelbarrow
34:45 Husbandry
37:57 Iron Casting
39:12 Hand Cart
42:56 Imperial Age
44:25 Plate Barding Armor
43:12 Heavy Camel Rider
47:02 Blast Furnace
Roba
0:30 Loom
8:55 Feudal Age
9:44 Double-Bit Axe
11:40 Horse Collar
14:28 Wheelbarrow
15:26 Town Watch
18:48 Castle Age
16:50 Fishing Lines
18:02 Scale Barding Armor
18:08 Bloodlines
17:56 Gold Mining
19:49 Bow Saw
19:39 Heavy Plow
20:38 Husbandry
22:11 Gillnets
23:45 Chain Barding Armor
29:08 Fervor
29:38 Medium Warships
31:28 Hand Cart
32:16 Forging
36:00 Imperial Age
34:22 Ballistics
33:53 Fletching
36:06 Bodkin Arrow
37:26 Bracer
38:40 Conscription
39:45 Chemistry
39:16 Padded Archer Armor
39:42 Masonry
44:48 Leather Archer Armor
49:48 Murder Holes
christar123 ten
0:42 Loom
9:54 Feudal Age
10:50 Double-Bit Axe
21:22 Castle Age
19:22 Gold Mining
20:44 Fletching
22:42 Bodkin Arrow
23:46 Padded Archer Armor
24:08 Ballistics
25:11 Leather Archer Armor
26:28 Guard Tower
42:43 Wheelbarrow
44:54 Crossbowman
Connection lost

Rejoining the realm…

Still unreachable

The connection could not be restored.

Session expired

The server has moved on; the page needs a fresh start.